Map: Cyber Forest LE

Players

RainbowDash - Winner!

  • Race: Protoss Protoss
  • League: Master
  • Spawn Location: 5:00

Bluerising

  • Race: Zerg Zerg
  • League: Master
  • Spawn Location: 11:00

VOD

Have the link to the VOD?

Description

Time

  • Played on: June 20, 2019, 2:22 p.m.
  • Length: 6:45
Show
View Real Time Build Order
Export as new Build Order

RainbowDash Protoss - Winner!

Build Orders:  

Get SALT Encoding   

  12  0:01  Probe  
  13  0:13  Probe  
  14  0:19  Pylon  
  14  0:23  Probe  
  15  0:33  Probe  
  16  0:43  Gateway, Probe  
  16  0:48  Assimilator  
  17  0:55  Probe  
  18  0:58  Assimilator  
  18  1:07  Probe  
  19  1:14  Gateway  
  19  1:19  Probe  
  20  1:30  Cybernetics Core  
  20  1:33  Probe  
  20  1:39  Pylon  
  21  1:45  Probe  
  22  1:56  Stalker  
  22  1:57  Stalker, Probe  
  27  2:08  Warp Gate  
  27  2:13  Pylon  
  28  2:26  Stalker x2  
  31  2:52  Nexus  
  31  2:54  Probe  
  32  3:05  Robotics Facility  
  32  3:07  Probe  
  33  3:19  Probe  
  34  3:31  Probe  
  35  3:36  Twilight Council  
  35  3:43  Probe  
  36  3:55  Warp Prism, Probe  
  38  3:57  Pylon  
  38  4:02  Probe  
  39  4:06  Charge  
  39  4:07  Probe  
  41  4:10  Probe  
  41  4:16  Gateway  
  42  4:18  Gateway  
  42  4:20  Probe  
  42  4:22  Immortal  
  43  4:33  Probe  
  43  4:35  Probe  
  49  4:41  Zealot  
  51  4:48  Gateway  
  51  4:52  Gateway  
  51  5:00  Gateway  
  51  5:02  Observer  
  51  5:06  Zealot  
  51  5:07  Zealot  
  55  5:11  Pylon  
  56  5:15  Zealot  
  56  5:16  Zealot  
  60  5:24  Pylon  
  60  5:26  Pylon  
  60  5:29  Pylon  
  60  5:42  Zealot  
  60  5:43  Zealot x3  
  60  5:44  Zealot  
  70  6:04  Zealot  
  70  6:05  Zealot x2  
  70  6:06  Zealot  
  70  6:07  Zealot  
  70  6:09  Zealot  
  78  6:24  Zealot  
  80  6:27  Zealot x3  
  80  6:28  Zealot x2  
  88  6:42  Zealot  
  88  6:43  Zealot  
Show
View Real Time Build Order
Export as new Build Order

Bluerising Zerg 

Build Orders: Hatch First 

Get SALT Encoding   

  12  0:01  Drone  
  13  0:16  Overlord  
  13  0:18  Drone  
  14  0:34  Drone x2  
  16  0:39  Drone  
  17  0:53  Hatchery  
  17  0:55  Drone  
  17  0:59  Drone  
  18  1:09  Extractor  
  17  1:17  Spawning Pool  
  16  1:18  Drone  
  16  1:23  Drone  
  18  1:34  Drone  
  19  1:46  Hatchery  
  18  1:50  Drone  
  19  1:54  Drone  
  20  2:04  Overlord  
  20  2:15  Queen  
  20  2:20  Queen  
  24  2:25  Metabolic Boost  
  24  2:28  Zergling x2  
  25  2:32  Zergling x2  
  25  2:34  Zergling x2  
  27  2:39  Overlord  
  27  2:43  Zergling x2  
  28  2:48  Overlord  
  28  2:55  Overlord  
  28  3:01  Queen  
  30  3:05  Drone  
  30  3:09  Drone  
  32  3:13  Drone x2  
  32  3:16  Zergling x2  
  34  3:20  Zergling x2  
  34  3:26  Zergling x4  
  36  3:29  Zergling x4  
  39  3:34  Zergling x4  
  40  3:41  Overlord  
  40  3:42  Drone  
  40  3:52  Roach Warren, Zergling x4  
  41  3:57  Overlord  
  41  4:03  Drone x2  
  43  4:10  Drone x3  
  46  4:18  Lair  
  46  4:20  Drone  
  46  4:23  Drone  
  48  4:27  Drone x2  
  50  4:31  Overlord  
  50  4:40  Overlord x2  
  50  4:41  Drone  
  50  4:44  Extractor  
  50  4:47  Evolution Chamber  
  50  4:51  Drone x3  
  52  4:53  Overlord  
  52  4:56  Drone  
  53  5:00  Baneling Nest  
  53  5:01  Drone  
  53  5:03  Drone  
  53  5:05  Drone  
  55  5:09  Drone  
  55  5:10  Drone  
  55  5:13  Drone x2  
  59  5:22  Glial Reconstitution  
  59  5:24  Roach  
  59  5:28  Roach  
  63  5:34  Zergling x8  
  63  5:35  Roach  
  69  5:38  Roach  
  69  5:41  Zergling x8  
  74  5:45  Baneling  
  74  5:46  Baneling  
  74  5:50  Zergling x6  
  74  5:51  Zergling x2  
  74  5:54  Zergling x4, Extractor  
  74  5:55  Zergling x2  
  80  5:58  Roach  
  76  6:04  Roach x2  
  71  6:11  Roach x2  
  71  6:16  Roach  
  67  6:18  Zergling x4  
  67  6:19  Zergling x2, Roach  
  67  6:21  Zergling x2  
  67  6:22  Zergling x2  
Tags
 
Add a new tag
Caveats
  • Supply blocks, unpowered buildings, or Contaminate may cause inaccurate times.
  • Supply counts are checked every 10 seconds.